 Dungeon Crawl Stone Soup version 0.22-a0-542-gce4f928 (webtiles) character file.

128 stealthycow the Chopper (level 4, -13/61 HPs)
             Began as a Minotaur Berserker on June 24, 2018.
             Was a Believer of Trog.
             Mangled by an ogre
             ... wielding a +0 giant spiked club
              (27 damage)
             ... on level 3 of the Dungeon.
             The game lasted 00:02:53 (1746 turns).

stealthycow the Chopper (Minotaur Berserker)        Turns: 1746, Time: 00:02:54

Health: -13/61     AC:  5    Str: 26    XL:     4   Next: 86%
Magic:  3/3        EV: 12    Int:  4    God:    Trog [**....]
Gold:   147        SH:  0    Dex: 11    Spells: 3/3 levels left

rFire    . . .     SeeInvis .   b - +2 hand axe (drain)
rCold    . . .     Gourm    .   (no shield)
rNeg     . . .     Faith    .   g - +0 ring mail
rPois    .         Spirit   .   (helmet restricted)
rElec    .         Reflect  .   (no cloak)
rCorr    .         Harm     .   (no gloves)
MR       .....                  (no boots)
Stlth    ..........             (no amulet)
HPRegen  0.20/turn              (no ring)
MPRegen  0.08/turn              (no ring)

@: berserking, lethally poisoned (-13 -> -23), very quick
A: retaliatory headbutt, horns 2
a: Berserk, Trog's Hand, Renounce Religion


You were on level 3 of the Dungeon.
You worshipped Trog.
Trog was pleased with you.
You were very hungry.

You visited 1 branch of the dungeon, and saw 3 of its levels.

You collected 147 gold pieces.

Inventory:

Hand Weapons
 b - a +2 hand axe of draining (weapon)
Armour
 g - a +0 ring mail (worn)
Jewellery
 f - an uncursed ring of see invisible {unknown}
Wands
 p - a wand of random effects (4)
Scrolls
 a - 3 scrolls of immolation {unknown}
 e - a scroll of blinking {unknown}
 i - 3 scrolls of identify {unknown}
 k - a scroll of amnesia {unknown}
 l - 2 scrolls of enchant weapon {unknown}
Potions
 d - a potion of resistance {unknown}
 j - 3 potions of curing {unknown}
 m - a potion of mutation {unknown}
 n - 2 potions of lignification {unknown}
 o - a potion of haste {unknown}
 q - a potion of ambrosia {unknown}
Comestibles
 c - 9 rations
 h - 6 chunks of flesh


   Skills:
 + Level 4.4 Fighting
 * Level 5.1 Axes
 + Level 3.4 Armour
 + Level 3.1 Dodging


You had 3 spell levels left.
You didn't know any spells.
Your spell library was empty.

Dungeon Overview and Level Annotations

Branches:
Dungeon (3/15)

Altars:


Innate Abilities, Weirdness & Mutations

You reflexively headbutt those who attack you in melee.
You have a pair of horns on your head.


Message History

The orc hits you from afar with a trident.
A frilled lizard comes into view.
Found 24 bolts.
A red film seems to cover your vision as you go berserk!
You feel yourself moving faster!
You feel mighty!
You are feeling very hungry.
You feel sick.
The frilled lizard hisses angrily.
The orc hits you from afar with a trident.
* * * LOW HITPOINT WARNING * * *
You are too injured to fight recklessly!
You are too injured to fight recklessly!
You are too injured to fight recklessly!
You are too injured to fight recklessly!
You are too injured to fight recklessly!
You slash the ogre!
The ogre is moderately wounded.
You feel sick.
The ogre hits you with a giant spiked club!!
You die...

#...# .( #####...##.##
o............
.l........ ≈ ...... ..
# .# #o..# .### #...
#.O.# ... .#. ###
#.@(##.## .. ..#
#...#(..## #. #.#
#..)(....##. #.##.#
#.........#.##....#
####.....#........#
####...#...##..###...#
.....................#
####...##.###.#.##....
#........# #.#.##.###


You could see an ogre, an orc and a frilled lizard.

Vanquished Creatures
  Jessica (D:2)
  An iguana (D:3)
  2 adders (D:2)
  3 dart slugs (D:2)
  4 leopard geckos (D:1)
  A ball python (D:2)
  4 giant cockroaches
  8 goblins
  6 hobgoblins
  A quokka (D:3)
  4 bats
  4 frilled lizards (D:1)
  4 kobolds
  4 rats
47 creatures vanquished.

Notes
Turn   | Place    | Note
-------+----------+-------------------------------------------
     0 | D:1      | stealthycow the Minotaur Berserker began the quest for the Orb.
     0 | D:1      | Reached XP level 1. HP: 19/19 MP: 0/0
   295 | D:1      | Reached XP level 2. HP: 27/27 MP: 1/1
   297 | D:1      | Reached skill level 4 in Axes
   915 | D:2      | Reached ** piety under Trog
  1043 | D:2      | Reached XP level 3. HP: 33/33 MP: 2/2
  1293 | D:2      | Noticed Jessica
  1300 | D:2      | Killed Jessica
  1300 | D:2      | Reached XP level 4. HP: 40/40 MP: 3/3
  1661 | D:3      | Reached skill level 5 in Axes
  1741 | D:3      | Noticed an ogre
  1746 | D:3      | Mangled by an ogre

Vault maps used:
D:1:      minmay_arrival_semitransparent
D:2:      uniq_jessica
D:3:      nicolae_gozag_cash_rules_everything_around_me,
          chequers_temple_overflow_statue_of_worship, first_ration,
          serial_bayou_pond_d, minmay_statues_item, uniq_natasha

Skill      XL: |  1  2  3  4 |
---------------+-------------+-----
Axes           | 4 5 |  5.1
Fighting       | 4 |  4.4
Armour         | 3 |  3.4
Dodging        | 3 |  3.1

Action                   |  1- 3 |  4- 6 || total
-------------------------+-------+-------++-------
Melee: Hand axe          |    60 |    20 ||    80
       Headbutt          |     6 |     3 ||     9
Invok: Berserk           |     1 |     1 ||     2
  Eat: Chunk             |     1 |     2 ||     3
Armor: Animal skin       |     7 |       ||     7
       Ring mail         |    14 |     6 ||    20
Dodge: Dodged            |    44 |    14 ||    58

Table legend:
 A = Spawn XP
 B = Non-spawn XP
 C = Spawn XP percentage of total XP
 D = Spawn monster count
 E = Non-spawn monster count
 F = Spawn count percentage of total count
 G = Total turns spent on level
                    A         B        C        D         E        F      G
               +---------+---------+-------+---------+---------+-------+---------
         Total |       0 |     183 |   0.0 |       0 |      47 |   0.0 |  1746
               +---------+---------+-------+---------+---------+-------+---------
           D:1 |       0 |      37 |   0.0 |       0 |      21 |   0.0 |   912
           D:2 |       0 |      97 |   0.0 |       0 |      19 |   0.0 |   746
           D:3 |       0 |      49 |   0.0 |       0 |       7 |   0.0 |    88
               +---------+---------+-------+---------+---------+-------+---------
